 Dungeon Crawl Stone Soup version 0.21-a0-113-g6841d05 (webtiles) character file.

26067 Gorglomux the Severer (level 13, 0/116 HPs)
             Began as a Hill Orc Chaos Knight on July 12, 2017.
             Was a High Priest of Okawaru.
             Slain by a death yak (14 damage)
             ... on level 3 of the Lair of Beasts.
             The game lasted 00:32:44 (13538 turns).

Gorglomux the Severer (Hill Orc Chaos Knight)      Turns: 13538, Time: 00:32:44

Health: 0/116      AC: 21    Str: 21    XL:     13   Next: 23%
Magic:  20/20      EV:  9    Int: 14    God:    Okawaru [*****.]
Gold:   491        SH:  0    Dex:  8    Spells: 12/12 levels left

rFire    . . .     SeeInvis +   a - +0 battleaxe
rCold    . . .     Gourm    .   (shield currently unavailable)
rNeg     . . .     Faith    +   S - +0 plate armour
rPois    .         Spirit   .   (no helmet)
rElec    .         Reflect  .   (no cloak)
rCorr    .         Harm     .   p - +2 pair of gloves {Str+3} {god gift}
MR       .....                  i - +0 pair of boots
Stlth    ..........             A - amulet of faith
HPRegen  0.69/turn              s - ring of see invisible
MPRegen  0.17/turn              (no ring)

@: heroism
A: claws 1, clever 1, clumsy 1, sense surroundings 1, regeneration 1, weak 1
a: Heroism, Finesse, Renounce Religion


You were on level 3 of the Lair of Beasts.
You worshipped Okawaru.
Okawaru was extremely pleased with you.
You were not hungry.

You visited 3 branches of the dungeon, and saw 15 of its levels.
You also visited: Sewer and Ossuary.

You collected 1119 gold pieces.
You spent 628 gold pieces at shops.

Inventory:

Hand Weapons
 a - a +0 battleaxe (weapon)
 w - the +5 longbow of the Vine {god gift, velocity, rN+ MR++ Str+2}
   (Okawaru gifted it to you on level 9 of the Dungeon)

   Any arrow fired from it inflicts extra damage.
   It affects your strength (+2).
   It protects you from negative energy.
   It affects your resistance to hostile enchantments.
Missiles
 v - 232 arrows
 Z - a throwing net (quivered)
Armour
 i - a +0 pair of boots (worn)
 p - a +2 pair of gloves of strength (worn) {god gift}
 S - a +0 plate armour (worn)
Jewellery
 n - an uncursed amulet of guardian spirit
 q - the ring "Emirocuo" {rF+ Str-4 Dex+5}
   (You found it on level 11 of the Dungeon)

   [ring of protection from fire]

   It affects your strength (-4).
   It affects your dexterity (+5).
   It protects you from fire.
 s - a ring of see invisible (left hand)
 A - an amulet of faith (around neck)
 F - a +2 ring of evasion
Wands
 x - a wand of lightning (9/15)
 C - a wand of confusion (18/48)
 I - a wand of iceblast (6/15)
 L - a wand of lightning (7/15)
 P - a wand of paralysis (12/24)
Scrolls
 h - 6 scrolls of remove curse
 l - 12 scrolls of teleportation
 m - 6 scrolls of fog
 y - a scroll of recharging
 B - 3 scrolls of blinking
 M - 4 scrolls of magic mapping
 R - 3 scrolls of identify
 W - 4 scrolls of enchant weapon
Potions
 d - 4 potions of mutation {!q}
 j - a potion of might
 o - 2 potions of berserk rage
 t - 2 potions of ambrosia
 u - a potion of resistance
 E - 3 potions of agility
 K - 2 potions of cancellation
 Q - 8 potions of curing
 T - a potion of lignification
 U - 5 potions of brilliance
 V - a potion of heal wounds
 X - 6 potions of haste
 Y - 5 potions of flight
Comestibles
 c - 10 bread rations
 k - 10 fruits
 z - 7 meat rations
 G - 18 royal jellies
 O - 22 chunks of flesh


   Skills:
 - Level 11.3(16.3) Fighting
 + Level 18.9(23.9) Axes
 - Level 8.5(13.5) Armour
 - Level 0.7(5.7) Dodging
 - Level 10.0 Invocations
 + Level 6.9 Evocations


You had 12 spell levels left.
You didn't know any spells.

Dungeon Overview and Level Annotations

Branches:
Dungeon (11/15)            Temple (1/1) D:4            Lair (3/6) D:10
 Shoals (0/4) Lair:2
  Snake: Lair:2-4    Spider: Lair:2-4       Orc: D:9-12

Altars:
Ashenzari
Cheibriados
Gozag
Nemelex Xobeh
Okawaru
Ru
Sif Muna
Vehumet
Wu Jian
Yredelemnul
Zin
The Shining One

Shops:
D:4 :   D:6 [   D:7 *   D:10 !


Innate Abilities, Weirdness & Mutations

You have sharp fingernails.
Your mind is acute. (Int +2)
You are clumsy. (Dex -2)
You passively map a small area around you.
Your natural rate of healing is unusually fast.
You are weak. (Str -2)


Message History

The death yak is almost dead.
The death yak gores you.
* * * LOW HITPOINT WARNING * * *
You completely miss the death yak.
The death yak is almost dead.
You hit the death yak but do no damage.
The death yak is almost dead.
The death yak gores you!
* * * LOW HITPOINT WARNING * * *
You hit the death yak.
The death yak is almost dead.
The death yak gores you.
* * * LOW HITPOINT WARNING * * *
You slash the death yak!
You kill the death yak!
Okawaru accepts your kill.
The five-headed hydra roars!
The death yak gores you!
You die...
Xom bursts into laughter!

.....###.#...#.#..............##P
.......#.#.8.#.#(............####
.........#...#.#..............###
.......#.....#.#..............##.
.......##.....#..................
........#..D..#..................
...<.........).(.................
..........##.#..........P........
.........#.###..@................
#..####.#### ##..Y...............
###.# ### #...Y.............. ###
####P..............
#P.............# ###...........##
##..........## #.#..........##
##†.........#.#


You could see 2 death yaks and a five-headed hydra.

Vanquished Creatures
  Erolcha (D:9)
  A hydra (D:11)
  4 two-headed ogres
  Urug (D:11)
  3 death yaks (Lair:3)
  2 unseen horrors
  Pikel (D:4)
  2 ugly things (D:11)
  A manticore (D:11)
  A cyclops (D:11)
  2 black mambas
  Joseph (D:10)
  A centaur skeleton (D:11)
  3 spiny frogs
  3 komodo dragons (Lair:1)
  A queen bee (Lair:1)
  Grinder (D:4)
  4 hippogriffs
  A wraith (D:8)
  A vampire (D:6)
  20 yaks
  A basilisk (Lair:2)
  2 hungry ghosts
  Menkaure (D:4)
  3 water moccasins
  6 porcupines
  5 orc warriors
  2 phantoms (D:10)
  3 black bears
  An ice beast (D:10)
  3 sky beasts
  4 necrophages
  2 slaves (D:4)
  6 ogres
  5 wolves (Lair:3)
  7 centaurs
  6 crocodiles
  An elf zombie (D:8)
  11 bullfrogs
  6 scorpions
  A water moccasin skeleton (D:8)
  26 killer bees (Lair:1)
  11 wights
  An electric eel (Lair:1)
  5 howler monkeys
  A centaur zombie (D:7)
  4 crimson imps
  4 hounds
  4 jellies
  5 orc priests
  8 orc wizards
  A bullfrog skeleton (D:5)
  3 human zombies (D:8)
  A human skeleton (D:8)
  2 iguanas
  8 worker ants
  A merfolk avatar (Sewer)
  A merfolk siren (Sewer)
  An ogre zombie (D:8)
  A big kobold zombie (Ossuary)
  2 hound zombies
  A hound skeleton (D:5)
  6 mummies
  13 adders
  5 gnolls (D:3)
  A river rat (Sewer)
  3 shadow imps
  2 oozes (D:3)
  2 adder zombies
  3 worms
  8 leopard geckos
  31 orcs
  13 ball pythons
  6 giant cockroaches
  4 goblins
  4 hobgoblins
  5 jackals (D:9)
  2 quokkas
  11 bats
  10 frilled lizards
  A gnoll zombie (Ossuary)
  2 goblin zombies (Ossuary)
  2 hobgoblin zombies (Ossuary)
  A jackal zombie (Ossuary)
  10 kobolds
  A kobold zombie (Ossuary)
  An orc skeleton (D:8)
  A quokka skeleton (D:4)
  29 rats
  2 rat zombies (Ossuary)
  6 fungi
  A plant (D:10)
408 creatures vanquished.

Vanquished Creatures (others)
  2 jackals (D:9)
  A rat (D:4)
  11 fungi (D:10)
  3 plants (D:10)
17 creatures vanquished.

Grand Total: 425 creatures vanquished

Notes
Turn   | Place    | Note
-------+----------+-------------------------------------------
     0 | D:1      | Gorglomux the Hill Orc Chaos Knight began the quest for the Orb.
     0 | D:1      | Reached XP level 1. HP: 19/19 MP: 1/1
   161 | D:1      | XOM: harmless Necr miscast
   212 | D:1      | Reached XP level 2. HP: 24/27 MP: 2/2
   410 | D:1      | XOM: mild Fire miscast
   442 | D:1      | XOM: mild Chrm miscast
   448 | D:1      | XOM: harmless Pois miscast
   769 | D:2      | Reached XP level 3. HP: 23/33 MP: 3/3
  1011 | D:2      | Reached skill level 5 in Axes
  1606 | D:3      | XOM: noise
  1662 | D:3      | Reached XP level 4. HP: 24/41 MP: 4/4
  1852 | D:3      | XOM: potion effect (haste)
  2106 | D:3      | Reached XP level 5. HP: 29/48 MP: 5/5
  2111 | D:3      | Reached skill level 6 in Axes
  2905 | D:3      | Found a shattered altar of Ashenzari.
  2962 | D:4      | Noticed Pikel
  2962 | D:4      | Noticed a slave
  2962 | D:4      | Noticed a slave
  2964 | D:4      | Noticed a slave
  2964 | D:4      | Noticed a slave
  2969 | D:3      | XOM: mild Erth miscast
  3196 | D:4      | Found a staircase to the Ecumenical Temple.
  3211 | Temple   | Entered the Ecumenical Temple
  3233 | Temple   | Fell from the grace of Xom
  3233 | Temple   | Became a worshipper of Warmaster Okawaru
  3277 | D:4      | Reached skill level 6 in Fighting
  3277 | D:4      | Reached XP level 6. HP: 52/57 MP: 6/6
  3334 | D:4      | Killed a slave
  3343 | D:4      | Killed a slave
  3395 | D:4      | Killed Pikel
  3395 | D:4      | Reached * piety under Okawaru
  3395 | D:4      | Reached skill level 8 in Axes
  3395 | D:4      | Reached XP level 7. HP: 43/67 MP: 7/7
  3410 | D:4      | Found a glowing drain.
  3436 | Sewer    | Entered a sewer
  3971 | D:4      | Reached skill level 9 in Axes
  3993 | D:4      | Noticed Grinder
  4009 | D:4      | Paralysed by Grinder for 4 turns
  4017 | D:4      | Paralysed by Grinder for 6 turns
  4023 | D:4      | Killed Grinder
  4023 | D:4      | Reached XP level 8. HP: 70/75 MP: 8/8
  4049 | D:4      | Reached ** piety under Okawaru
  4065 | D:4      | Reached skill level 9 in Fighting
  4149 | D:4      | XOM: summons 1 hostile demon
  4232 | D:4      | XOM: mild Pois miscast
  4253 | D:4      | Noticed Menkaure
  4265 | D:4      | Killed Menkaure
  4265 | D:4      | Reached skill level 10 in Axes
  4336 | D:4      | XOM: give mutations
  4336 | D:4      | Gained mutation: You are weak. (Str -2) [Xom's mischief]
  4336 | D:4      | Gained mutation: Your spells are a little easier to cast, but a little less powerful. [Xom's mischief]
  4503 | D:4      | Found Raxenish's Book Emporium.
  4555 | D:5      | Entered Level 5 of the Dungeon
  4617 | D:5      | Gained mutation: You have sharp fingernails. [mutagenic meat]
  4618 | D:5      | Gained mutation: You have a pair of small horns on your head. [mutagenic meat]
  4621 | D:5      | Gained mutation: Your natural rate of healing is unusually fast. [mutagenic meat]
  5195 | D:5      | XOM: give mutations
  5195 | D:5      | Gained mutation: You are clumsy. (Dex -2) [Xom's mischief]
  5195 | D:5      | Gained mutation: You have large cloven feet. [Xom's mischief]
  5195 | D:5      | Gained mutation: Your magical capacity is low. (-10% MP) [Xom's mischief]
  5215 | D:5      | Reached XP level 9. HP: 71/85 MP: 8/8
  5341 | D:5      | Reached skill level 11 in Axes
  5348 | D:5      | XOM: severe Fire miscast
  5475 | D:6      | Found Teus's Armour Boutique.
  5531 | D:6      | XOM: 1-stop teleportation journey
  5668 | D:6      | Reached *** piety under Okawaru
  5877 | D:6      | Reached skill level 12 in Axes
  6131 | D:7      | Found a sand-covered staircase.
  6142 | Ossuary  | Entered an ossuary
  6351 | D:7      | XOM: mild Pois miscast
  6371 | D:7      | XOM: medium Conj miscast
  6399 | D:7      | Reached skill level 3 in Armour
  6429 | D:7      | Reached **** piety under Okawaru
  6480 | D:7      | XOM: harmless Fire miscast
  6485 | D:7      | Reached XP level 10. HP: 87/96 MP: 9/9
  6494 | D:7      | XOM: noise
  6500 | D:7      | Reached skill level 13 in Axes
  6708 | D:7      | Found Fukh's Assorted Antiques.
  6712 | D:7      | Bought 2 sedimented coppery potions for 57 gold pieces
  6712 | D:7      | Bought a scroll labeled FUCKUE PITA for 32 gold pieces
  7100 | D:8      | Noticed a two-headed ogre
  7108 | D:8      | Killed a two-headed ogre
  7108 | D:8      | Received a gift from Okawaru
  7108 | D:8      | Reached skill level 6 in Armour
  7162 | D:8      | XOM: mild Conj miscast
  7243 | D:8      | Reached skill level 14 in Axes
  7615 | D:8      | Found a basalt altar of Yredelemnul.
  7769 | D:8      | Reached ***** piety under Okawaru
  7804 | D:8      | XOM: medium Fire miscast
  8117 | D:9      | Noticed an unseen horror
  8121 | D:9      | Killed an unseen horror
  8121 | D:9      | Received a gift from Okawaru
  8121 | D:9      | Reached XP level 11. HP: 102/102 MP: 9/9
  8124 | D:9      | Got an ichor-stained longbow {god gift}
  8125 | D:9      | Identified the +5 longbow of the Vine {god gift, velocity, rN+ MR++ Str+2} (Okawaru gifted it to you on level 9 of the Dungeon)
  8175 | D:9      | Noticed Erolcha
  8195 | D:9      | Killed Erolcha
  8195 | D:9      | Reached skill level 15 in Axes
  8372 | D:9      | Reached skill level 3 in Invocations
  8469 | D:9      | XOM: summons 4 hostile shadow creatures
  8826 | D:10     | Entered Level 10 of the Dungeon
  8830 | D:10     | XOM: blink monster(s)
  8923 | D:10     | Found Evuacig's Distillery.
  8930 | D:10     | Bought a potion of degeneration for 11 gold pieces
  8930 | D:10     | Bought a potion of haste for 110 gold pieces
  8930 | D:10     | Bought a potion of resistance for 110 gold pieces
  8930 | D:10     | Bought a potion of haste for 110 gold pieces
  8930 | D:10     | Bought a potion of haste for 110 gold pieces
  8930 | D:10     | Bought a potion of ambrosia for 88 gold pieces
  8932 | D:10     | XOM: 1-stop teleportation journey
  8933 | D:10     | Noticed a two-headed ogre
  8953 | D:10     | Killed a two-headed ogre
  9009 | D:10     | Found a staircase to the Lair.
  9033 | D:10     | HP: 1/102 [porcupine's spines (6)]
  9156 | D:10     | XOM: give mutation
  9156 | D:10     | Lost mutation: Your magical capacity is low. (-10% MP) [Xom's mischief]
  9184 | D:10     | Noticed an unseen horror
  9194 | D:10     | Killed an unseen horror
  9194 | D:10     | Reached skill level 6 in Invocations
  9490 | D:10     | Noticed a two-headed ogre
  9500 | D:10     | Killed a two-headed ogre
  9500 | D:10     | Reached skill level 16 in Axes
  9503 | D:10     | Noticed Joseph
  9539 | D:10     | Killed Joseph
  9614 | D:10     | XOM: medium Tmut miscast
  9684 | D:10     | Received a gift from Okawaru
  9739 | D:10     | XOM: mild Erth miscast
  9881 | D:11     | Noticed a purple ugly thing
  9893 | D:11     | Killed a purple ugly thing
  9941 | D:11     | Noticed Urug
  9941 | D:11     | Noticed a cyclops
  9997 | D:11     | Killed a cyclops
 10022 | D:11     | Killed Urug
 10022 | D:11     | Reached XP level 12. HP: 24/110 MP: 11/18
 10187 | D:11     | Noticed a two-headed ogre
 10202 | D:11     | Killed a two-headed ogre
 10391 | D:11     | Reached skill level 9 in Invocations
 10401 | D:11     | Reached skill level 17 in Axes
 10425 | D:11     | XOM: mild Air miscast
 10441 | D:11     | Got a sparkling platinum ring
 10443 | D:11     | Identified the ring "Emirocuo" {rF+ Str-4 Dex+5} (You found it on level 11 of the Dungeon)
 10698 | D:11     | Noticed an eight-headed hydra
 10706 | D:11     | Killed an eight-headed hydra
 10837 | D:11     | Received a gift from Okawaru
 10837 | D:11     | Reached skill level 1 in Evocations
 10988 | Lair:1   | Entered Level 1 of the Lair of Beasts
 11289 | Lair:1   | Reached skill level 3 in Evocations
 11752 | Lair:1   | XOM: medium Summ miscast
 11854 | Lair:1   | XOM: give mutations
 11854 | Lair:1   | Gained mutation: You possess an exceptional clarity of mind. [Xom's mischief]
 11854 | Lair:1   | Gained mutation: You are very clumsy. (Dex -4) [Xom's mischief]
 11854 | Lair:1   | Gained mutation: Scrolls take you a little longer to read. [Xom's mischief]
 11855 | Lair:1   | Lost mutation: Scrolls take you a little longer to read. [potion of mutation]
 11855 | Lair:1   | Lost mutation: You possess an exceptional clarity of mind. [potion of mutation]
 11855 | Lair:1   | Lost mutation: You are very clumsy. (Dex -4) [potion of mutation]
 11855 | Lair:1   | Lost mutation: You have large cloven feet. [potion of mutation]
 11855 | Lair:1   | Lost mutation: Your spells are a little easier to cast, but a little less powerful. [potion of mutation]
 11855 | Lair:1   | Lost mutation: You have a pair of small horns on your head. [potion of mutation]
 11855 | Lair:1   | Gained mutation: Your mind is acute. (Int +2) [potion of mutation]
 11855 | Lair:1   | Gained mutation: You passively map a small area around you. [potion of mutation]
 12052 | Lair:1   | Reached skill level 18 in Axes
 12305 | Lair:2   | Found a staircase to the Shoals.
 12366 | Lair:2   | XOM: 2-stop teleportation journey
 12366 | Lair:2   | Was forgiven by Xom
 12647 | Lair:2   | Reached XP level 13. HP: 102/116 MP: 20/20
 13081 | Lair:3   | HP: 5/116 [poisoned by a water moccasin]
 13086 | Lair:2   | HP: 3/116 [poisoned by a water moccasin]
 13092 | Lair:2   | HP: 2/116 [poisoned by a water moccasin]
 13097 | Lair:2   | HP: 3/116 [poisoned by a water moccasin]
 13102 | Lair:2   | HP: 4/116 [poisoned by a water moccasin]
 13361 | Lair:3   | Reached skill level 6 in Evocations
 13538 | Lair:3   | Slain by a death yak

Vault maps used:
D:1:      ncdulo_watergridlock, serial_forest, infiniplex_forest_diagonal,
          infiniplex_forest_end_3, infiniplex_forest_clump_small,
          infiniplex_forest_straight_2, infiniplex_forest_clump_long,
          infiniplex_forest_straight_1, infiniplex_forest_3_way,
          hangedman_glass_garden, st_stairs_12
D:2:      cheibrodos_helix_gallery, minmay_misc_feat_tiny, kennysheep_doodads
D:3:      marbit_many_paths, first_bread, minmay_close_crescents
D:4:      minmay_temple_entry_statues_fountains, cheibrodos_sewer_entry_drain,
          serial_shops, shop, uniq_grinder, uniq_menkaure, uniq_pikel
D:5:      minivault_27
D:6:      hangedman_cross_stitches, serial_shops, nicolae_shop_stone
D:7:      serial_shops, shop, nicolae_ossuary_entry_ruins,
          hangedman_abyss_or_decor_passed
D:8:      lemuel_mausoleum_altar_yredelemnul, grunt_ogre_cave,
          grunt_ministairs_15, minivault_26
D:9:      uniq_erolcha
D:10:     due_lair_maze_entry_diamond, serial_shops, shop, uniq_joseph
D:11:     uniq_urug
Temple:   regret_index_temple_chain_breaker
Lair:1:   special_room, nicolae_quartered_pool_super, st_stairs_10
Lair:2:   shoals_dummy_entry
Lair:3:   lemuel_fruit_tree, grunt_megastairs_1
Sewer:    sewer_sea
Ossuary:  ossuary_minmay_tomb_2a

Skill      XL: |  1  2  3  4  5  6  7  8  9 10 11 12 13 |
---------------+----------------------------------------+-----
Fighting       | 4 5 6 7 8 10 11 | 11.3
Axes           | 5 6 8 9 10 12 14 16 18 | 18.9
Armour         | 4 8 |  8.5
Invocations    | 8 10 | 10.0
Evocations     | 5 6 |  6.9
Dodging        | |  0.7

Action                   |  1- 3 |  4- 6 |  7- 9 | 10-12 | 13-15 || total
-------------------------+-------+-------+-------+-------+-------++-------
Melee: Hand axe          |   114 |    43 |       |       |       ||   157
       War axe           |       |    50 |   403 |   712 |       ||  1165
       Whip              |       |    47 |    34 |       |       ||    81
       Punch             |       |       |     1 |     4 |       ||     5
       Headbutt          |       |       |    44 |   128 |       ||   172
       Battleaxe         |       |       |       |   122 |    80 ||   202
 Fire: Longbow           |       |       |       |    12 |       ||    12
Throw: Throwing net      |       |       |       |     1 |       ||     1
Invok: Heroism           |       |       |    11 |    17 |     2 ||    30
       Finesse           |       |       |       |     7 |       ||     7
  Use: Scroll            |     4 |       |     6 |     7 |     5 ||    22
       Potion            |       |       |       |     4 |       ||     4
 Stab: Confused          |       |     1 |       |       |       ||     1
  Eat: Chunk             |     2 |     6 |    14 |    21 |     3 ||    46
       Fruit             |       |       |       |    13 |       ||    13
Armor: Leather armour    |    54 |     8 |       |       |       ||    62
       Plate armour      |       |    94 |   282 |   417 |    47 ||   840
       Skin              |       |       |       |     5 |       ||     5
Dodge: Dodged            |    77 |    38 |    90 |   265 |    21 ||   491
